 Dungeon Crawl Stone Soup version 0.32-a0-933-ga8fa3634e4 (webtiles) character file.

Game seed: 10598318956670043098

215 EvilEddieB the Conjurer (level 5, -1/39 HPs)
             Began as a Human Conjurer on Apr 14, 2024.
             Slain by equiv's ghost (4 damage)
             ... on level 3 of the Dungeon.
             The game lasted 00:08:16 (3659 turns).

EvilEddieB the Conjurer (Human Conjurer)            Turns: 3659, Time: 00:08:20

Health: -1/39      AC:  5    Str:  6      XL:     5   Next: 92%
Magic:  5/9        EV: 10    Int: 27 (28) God:
Gold:   247        SH:  0    Dex: 10      Spells: 6/9 levels left

rFire   + . .        q - +7 trident of Iklerieg {freeze, Int+3}
rCold   + . .        (no shield)
rNeg    . . .        p - +0 leather armour
rPois   .            (no helmet)
rElec   .            t - scarf {rC+ rF+}
rCorr   .            (no gloves)
SInv    .            r - +1 pair of boots
Will    .....        (no amulet)
Stlth   ++           (no ring)
HPRegen 0.26/turn    (no ring)
MPRegen 0.11/turn

%: no passive effects
@: no status effects
A: explore regen, clever 1, deterioration 1, screaming 1, noise suppression
a: no special abilities


You were on level 3 of the Dungeon.
You visited 1 branch of the dungeon, and saw 3 of its levels.

You collected 247 gold pieces.

Inventory:

Hand Weapons
 c - a +0 short sword
 i - a +1 dagger of draining
 q - the +7 trident of Iklerieg (weapon) {freeze, Int+3}
   (You found it on level 2 of the Dungeon)

   Int+3:     It affects your intelligence (+3).
 w - a +0 dagger of speed
Missiles
 e - 2 poisoned darts
Armour
 a - a +0 robe
 p - a +0 leather armour (worn)
 r - a +1 pair of boots (worn)
 t - a scarf of resistance (worn)
Jewellery
 l - a ring of protection from cold
Scrolls
 d - a scroll of poison {unknown}
 f - 2 scrolls of fear {unknown}
 j - a scroll of noise {unknown}
 m - 3 scrolls of identify {unknown}
 s - a scroll of blinking {unknown}
 u - a scroll of revelation {unknown}
 x - a scroll of fog {unknown}
Potions
 b - a potion of magic
 h - 2 potions of curing
 k - 2 potions of mutation
 n - a potion of lignification {unknown}
 o - a potion of enlightenment {unknown}
 v - a potion of resistance
 z - a potion of attraction {unknown}


   Skills:
 * Level 2.6 Fighting
 + Level 1.8 Armour
 + Level 2.8 Dodging
 + Level 2.9 Stealth
 + Level 2.8 Spellcasting
 + Level 4.4 Conjurations


You had 6 spell levels left.
You knew the following spells:

 Your Spells              Type           Power      Damage    Failure   Level
a - Magic Dart            Conj           100%       1d8       2%          1
b - Searing Ray           Conj           54%        2d6       3%          2

Your spell library contained the following spells:

 Spells                   Type           Power      Damage    Failure   Level
 Sandblast                Erth           6%         2d5       14%         1
 Stone Arrow              Conj/Erth      30%        3d8       16%         3
 Fugue of the Fallen      Necr           3%         N/A       38%         3
 Ozocubu's Armour         Ice            3%         N/A       38%         3
 Tukima's Dance           Hex            3%         N/A       38%         3
 Brom's Barrelling Bould  Conj/Erth      15%        2d4       47%         4
 Fulminant Prism          Conj/Alch      7%         3d7       47%         4
 Iskenderun's Mystic Bla Conj/Tloc 15%            2d5        (+2d2     47%         4
 Passage of Golubria      Tloc           3%         N/A       80%         4
 Yara's Violent Unravell  Hex/Alch       1%         3d3       98%         5
 Manifold Assault         Tloc           1%         N/A       100%        7


Dungeon Overview and Level Annotations

Branches:
Dungeon (3/15)

Altars:

Shops:
D:1 (

Annotations:
D:3 1 transporter, equiv's ghost, amateur DgGl


Innate Abilities, Weirdness & Mutations

You regain HP and MP as you explore.
Your mind is acute. (Int +4, Str/Dex -1)
Your body sometimes deteriorates upon taking damage.
You occasionally shout uncontrollably at your foes.
You passively dampen the noise of your surroundings.


Message History

The water moccasin skeleton is heavily damaged.
The water moccasin skeleton bites you. x2; Equiv's ghost barely misses you.
The water moccasin skeleton misses you. The water moccasin skeleton bites you.
You hit the water moccasin skeleton.
The water moccasin skeleton is heavily damaged.
The water moccasin skeleton closely misses you.
The water moccasin skeleton bites you. Equiv's ghost closely misses you.
Equiv's ghost hits you.
* * * LOW HITPOINT WARNING * * *
The water moccasin skeleton misses you. Equiv's ghost hits you!
* * * LOW HITPOINT WARNING * * *
The water moccasin skeleton barely misses you.
The water moccasin skeleton bites you but does no damage.
The water moccasin skeleton bites you but does no damage.
It was a potion of mutation.
You feel extremely strange.
You feel yourself wasting away.
You feel the urge to shout.
You feel your surroundings grow quieter.
You feel clever.
The water moccasin skeleton barely misses you.
Equiv's ghost wails.
Equiv's ghost hits you.
* * * LOW HITPOINT WARNING * * *
It was a potion of curing.
You feel better. The water moccasin skeleton bites you.
* * * LOW HITPOINT WARNING * * *
Equiv's ghost hits you.
* * * LOW HITPOINT WARNING * * *
Your body deteriorates!
You feel dopey.
It was a potion of resistance.
You feel protected.
The water moccasin skeleton closely misses you.
Equiv's ghost closely misses you.
It was a potion of cancellation.
Your magical effects are unravelling.
You feel magically purged.
Your resistance to elements expires.
The water moccasin skeleton bites you.
* * * LOW HITPOINT WARNING * * *
Equiv's ghost hits you.
You die...

##......#....# #.#####...
########....####.#####...
#>....................
##....................
#..#############.....
#..#...........#..###
#..#Z..........#...##
#..#WZ###.###..#.....
#..#@.#ß#.#ß#..#.....
##..#..........$#..##.
#..©#..(..©....$#©.##.
#...#.......?...#..##.
#...#..#ß#.#ß#..#..###
#...#..###.###..#..#
#...#....... ...#..#
#...#©..........#..#
#...#############..###


You could see equiv's ghost and 2 water moccasin skeletons.

Vanquished Creatures
  A bombardier beetle (D:3)
  Jessica (D:3)
  Terence (D:3)
  6 adders
  A shadow imp (D:3)
  3 ribbon worms
  2 dart slugs
  An orc (D:3)
  6 ball pythons
  2 endoplasms
  2 giant cockroaches (D:3)
  2 hobgoblins (D:1)
  4 jackals (D:1)
  2 quokkas
  10 bats
  4 frilled lizards
  2 goblins
  7 kobolds
  4 rats
61 creatures vanquished.

Notes
Turn   | Place    | Note
-------+----------+-------------------------------------------
     0 | D:1      | EvilEddieB the Human Conjurer began the quest for the Orb.
     0 | D:1      | Reached XP level 1. HP: 13/13 MP: 3/3
   359 | D:1      | Found Poxtun's Weapon Emporium.
   367 | D:1      | Reached XP level 2. HP: 20/20 MP: 1/5
  1049 | D:1      | Reached skill level 1 in Fighting
  1053 | D:1      | Reached XP level 3. HP: 24/26 MP: 1/6
  1565 | D:2      | Identified the +7 trident of Iklerieg {freeze, Int+3}
  1593 | D:2      | Reached skill level 1 in Armour
  1970 | D:2      | Reached XP level 4. HP: 32/32 MP: 4/7
  2242 | D:3      | Noticed Jessica
  2367 | D:2      | Learned a level 2 spell: Searing Ray
  2372 | D:3      | Killed Jessica
  2505 | D:3      | Reached XP level 5. HP: 38/38 MP: 3/8
  2749 | D:3      | Noticed Terence
  2759 | D:3      | Killed Terence
  3438 | D:3      | Found a transporter.
  3441 | D:3      | Noticed equiv's ghost (amateur DgGl)
  3446 | D:3      | Found a transporter.
  3656 | D:3      | Gained mutation: Your body sometimes deteriorates upon
                  | taking damage. [potion of mutation]
  3656 | D:3      | Gained mutation: You occasionally shout uncontrollably at
                  | your foes. [potion of mutation]
  3656 | D:3      | Gained mutation: You passively dampen the noise of your
                  | surroundings. [potion of mutation]
  3656 | D:3      | Gained mutation: Your mind is acute. (Int +4, Str/Dex -1)
                  | [potion of mutation]
  3659 | D:3      | Slain by equiv's ghost

Illustrated notes

Levels and vault maps discovered:
D:1:      grunt_arrival_lava_bath, layout_loops_corners, serial_shops,
          nicolae_shop_bloodbath_and_beyond
D:2:      cheibrodos_helix_gallery, layout_basic, minmay_gold_behind_fungi,
          wander_ebering_terrifying_dragon_lair
D:3:      layout_basic, gammafunk_ghost_mausoleum, uniq_jessica, uniq_terence

Skill      XL: |  1  2  3  4 |
---------------+-------------+-----
Fighting       | 1 2 |  2.6
Armour         | 1 |  1.8
Dodging        | |  2.8
Stealth        | |  2.9
Spellcasting   | |  2.8
Conjurations   | |  4.4

Action                     |  1- 3 |  4- 6 || total
---------------------------+-------+-------++-------
  Melee: Dagger            |     5 |       ||     5
         Trident           |    19 |    12 ||    31
   Cast: Magic Dart        |    60 |    50 ||   110
         Searing Ray       |       |     4 ||     4
    Use: Potion            |       |     4 ||     4
 Armour: Robe              |     2 |       ||     2
         Leather armour    |    10 |    32 ||    42
  Dodge: Dodged            |    17 |    23 ||    40

Table legend: (Time is in decaauts)
 A = Elapsed time spent in this place.
 B = Non-inter-level travel time spent in this place.
 C = Inter-level travel time spent in this place.
 D = Time resting spent in this place.
 E = Time spent auto-exploring this place.
 F = Levels seen in this place.
 G = Mean time per level.
                   A        B        C        D        E       F      G
               +--------+--------+--------+--------+--------+-----+--------+
         Total |   3677 |   3565 |    112 |    113 |   2978 |   3 | 1225.7 |
       Dungeon |   3677 |   3565 |    112 |    113 |   2978 |   3 | 1225.7 |
               +--------+--------+--------+--------+--------+-----+--------+

Top non-repeatable levels by time:
     D:3: 1300 daAuts
     D:1: 1297 daAuts
     D:2: 1079 daAuts
